Cogmind - Beta 16 --- EXPLORER MODE // 2025.12.15 @ 17:27:44 Player: K.K.Y. Result: Destroyed by Y-45 Defender with Beam Rifle Performance ------------- Evolutions (0) 0 Regions Visited (3) 600 Robots Destroyed (38) 190 Value Destroyed (408) 408 Prototype IDs (13) 260 Alien Tech Used (0) 0 Bonus (-9) -9 TOTAL SCORE: 1449 Bonus ------- Follower Combat Kills 35 Friendly Fire -44 Cogmind --------- Core Integrity 0/250 Matter 289/300 Energy 150/150 System Corruption 4% Temperature Cool (9) Movement Walking (90) Location -10/Subcaves Parts ------- > --- POWER (1) -------- Light Angular Momentum Engine > --- PROPULSION (3+3) - Arachnoskeleton > --- UTILITY (2) ------ Small Storage Unit V3-11A's Pendant > --- WEAPON (2) ------- Makeshift Shrapnel Gun (fused) Ripper > --- INVENTORY (8) ---- Light Deuterium Engine Cesium-ion Thruster Huge Storage Unit Structural Scanner Improved Signal Interpreter Heavy Battle Rifle Flak Cannon Multitool Peak State ------------ > --- POWER ------------ Light Angular Momentum Engine > --- PROPULSION ------- Arachnoskeleton > --- UTILITY ---------- Small Storage Unit V3-11A's Pendant > --- WEAPON ----------- Makeshift Shrapnel Gun Makeshift Sword > --- INVENTORY -------- Light Deuterium Engine Cesium-ion Thruster Huge Storage Unit Structural Scanner Improved Signal Interpreter Heavy Battle Rifle Flak Cannon Multitool [Rating: 40] Favorites ----------- Power Light Angular Momentum Engine Engine Light Angular Momentum Engine Propulsion Carbon-fiber Leg Leg Carbon-fiber Leg Wheel Compact Wheel Flight Unit Cesium-ion Thruster Utility Small Storage Unit Device V3-11A's Pendant Storage Small Storage Unit Processor Targeting Computer Weapon Flak Cannon Energy Gun EM Pulse Gun Ballistic Gun Makeshift Shrapnel Gun Ballistic Cannon Flak Cannon Special Weapon Mining Laser Slashing Weapon Makeshift Sword Build | -11 -10 -10 -10 ------- Run | Yrd Mat Min Sub Slots Evolved 1 | . 1 . . Power . | . . . . Propulsion 1 | . 1 . . Utility . | . . . . Weapon . | . . . . Parts Attached 36 | 7 3 19 7 Power 3 | 1 . 2 . Engine 3 | 1 . 2 . Core . | . . . . Reactor . | . . . . Propulsion 11 | 2 1 7 1 Treads . | . . . . Leg 4 | . . 3 1 Wheel 6 | 2 1 3 . Hover . | . . . . Flight 1 | . . 1 . Utility 10 | 2 2 5 1 Device 3 | . 1 1 1 Storage 5 | . 1 4 . Processor 2 | 2 . . . Hackware . | . . . . Protection . | . . . . Artifact . | . . . . Weapon 12 | 2 . 5 5 Energy Gun 5 | 2 . 1 2 Energy Cannon . | . . . . Ballistic Gun 1 | . . . 1 Ballistic Cannon 1 | . . 1 . Launcher . | . . . . Special Weapon 3 | . . 3 . Impact Weapon . | . . . . Slashing Weapon 2 | . . . 2 Piercing Weapon . | . . . . Special Melee Weapon . | . . . . Unidentified Prototypes 1 | . . . 1 Parts Lost 9 | . . 9 . Power 1 | . . 1 . Propulsion 3 | . . 3 . Utility 1 | . . 1 . Weapon 4 | . . 4 . Highest Loss Streak 8 | . . 8 . To Critical Strikes . | . . . . Average Backups 7 | . 3 7 7 Power 1 | . . 1 1 Propulsion 1 | . . 1 1 Utility 2 | . 2 3 2 Weapon 1 | . 1 1 1 Tool/Special . | . . . . Unused Backups 14 | . 1 4 9 Power 2 | . . . 2 Propulsion 2 | . . . 2 Utility 4 | . . 3 1 Weapon 5 | . 1 1 3 Tool/Special 1 | . . . 1 Average Slot Usage (%) 92 | . 93 87 95 Engine 11 | . 12 11 11 Leg 25 | . . 16 34 Wheel 6 | . 31 10 . Flight 1 | . . 5 . Device 10 | . 5 10 11 Storage 11 | . 5 12 11 Processor 1 | . 13 . . Energy Gun 6 | . 25 4 4 Ballistic Gun 5 | . . . 9 Ballistic Cannon 5 | . . 7 5 Special Weapon 3 | . . 6 2 Peak Build Rating 40 | 7 8 21 40 Average Rating 20 | 5 7 17 25 On Entrance 9 | . 7 8 21 Avg Prop Armor Cover (%) 3 | . . 3 . Naked Turns . | . . . . Heaviest Build 23 | 7 13 22 23 Greatest Support 50 | 32 48 48 50 Greatest Overweight (x) 4 | 2 . 4 . Average Overweight (x) . | . . . . Largest Inventory Capacity 25 | 5 8 25 8 Average Capacity 7 | 5 6 8 8 Most Carried 8 | 4 6 8 8 Average Carried 7 | . 3 7 7 Final Capacity 8 | 5 8 8 8 Final Carried 8 | 2 5 8 8 Class Distribution -------------------- 56% | Scavenger-Mutant 43% | Hacker-Mutant Dominant Class ---------------- Hacker-Mutant | -10/Materials Scavenger-Mutant | -10/Mines Scavenger-Mutant | -10/Subcaves Resources | -11 -10 -10 -10 ----------- Run | Yrd Mat Min Sub Matter Collected 1050 | 227 53 537 233 Remotely . | . . . . Salvage Created 1681 | 149 387 1086 59 Parts 74 | 15 13 43 3 Haulers Intercepted 1 | . 1 . . Recyclers Shooed 2 | . . 2 . Parts Field Recycled . | . . . . Retrieved Matter . | . . . . Parts Self-Destructed . | . . . . Prevented . | . . . . Parts Restored . | . . . . Kills | -11 -10 -10 -10 ------- Run | Yrd Mat Min Sub Combat Hostiles Destroyed 21 | . 2 17 2 Guns 16 | . 1 13 2 Cannons 4 | . . 4 . AOE 1 | . 1 . . Classes Destroyed 11 | 2 2 5 2 Worker 4 | . . 4 . Builder 1 | . . 1 . Tunneler 7 | 4 . 3 . Hauler 1 | . 1 . . Recycler 15 | 1 3 11 . Swarmer 5 | . . 4 1 Grunt 3 | . 2 1 . Demolisher 1 | . . 1 . Cobbler 1 | . . . 1 Subdweller 1 | . . . 1 Assembled 11 | . . 11 . Best Kill Streak 6 | 4 4 6 2 Combat Bots Only 6 | . 2 6 2 Max Kills in Single Turn 2 | 1 1 2 1 Gunslinging . | . . . . Exploded 1 | . 1 . . Melee . | . . . . Uniques/NPCs Destroyed . | . . . . Combat | -11 -10 -10 -10 -------- Run | Yrd Mat Min Sub Hostile Shots Fired 108 | . 4 91 13 Missed 24 | . . 22 2 Hits 84 | . 4 69 11 Melee 12 | . . 12 . Projectile 72 | . 4 57 11 AOE 5 | . . 5 . Critical Strikes 1 | . . 1 . Damage Taken 826 | . 33 669 124 Core 255 | . . 243 12 Absorbed by Shields . | . . . . Ignored by Resistances 510 | . 21 414 75 Core Remaining (%) 100 | 100 . . . Volleys Fired 113 | 7 8 77 21 Largest 2 | 2 2 2 2 Hottest 137 | 80 80 137 137 Shots Fired 156 | 14 16 85 41 Gun 106 | 14 16 41 35 Cannon 36 | . . 32 4 Launcher . | . . . . Special 14 | . . 12 2 Kinetic 55 | . . 32 23 Thermal 55 | . . 37 18 Explosive . | . . . . Electromagnetic 46 | 14 16 16 . Robot Hit Streak 40 | 11 26 40 11 Robot Miss Streak 3 | . . 3 1 Penetration Max . | . . . . Secondary Targets 2 | . . 1 1 Max Gunslinging Chain 1 | . . 1 1 Shots Hit Robots 113 | 11 15 72 15 Core Hits 97 | 6 11 72 8 Critical Kills . | . . . . Critical Parts Destroyed . | . . . . Critical Strikes 3 | . . 3 . Burn 3 | . . 3 . Melee Attacks 11 | . . . 11 Impact . | . . . . Slashing 11 | . . . 11 Piercing . | . . . . Sneak Attacks . | . . . . Combat Hostiles . | . . . . Follow-up Attacks . | . . . . Damage Inflicted 2097 | 180 259 1348 310 Guns 1219 | 145 205 559 310 Cannons 669 | . . 669 . Explosions 89 | 35 54 . . Melee . | . . . . Ramming . | . . . . Kinetic 812 | . . 669 143 Thermal 786 | 35 54 530 167 Explosive . | . . . . Electromagnetic 499 | 145 205 149 . Impact . | . . . . Slashing . | . . . . Piercing . | . . . . Highest Corruption 4 | . 1 4 4 Average Corruption 3 | . 1 3 4 Corruption Purged . | . . . . Corruption Blocked . | . . . . Effects 69 | . 2 27 40 Message Errors 12 | . . 4 8 Matter Fused 14 | . . 7 7 Heat Flow Errors 10 | . . 5 5 Energy Discharges 7 | . . 3 4 Parts Fused 3 | . . . 3 Data Loss (minor) 13 | . 2 3 8 Data Loss (major) 3 | . . 2 1 Misfires 2 | . . . 2 Alerts 3 | . . 1 2 Weapon Failures 2 | . . 2 . Overload Shots . | . . . . Overflow Damage 14 | . . 14 . Projectiles 14 | . . 14 . Explosions . | . . . . Melee . | . . . . Knockbacks 25 | . . 25 . Impact . | . . . . Kinetic 24 | . . 24 . Secondary 1 | . . 1 . Self-Inflicted Damage . | . . . . Shots . | . . . . Rammed . | . . . . Targets Rammed . | . . . . Kicked . | . . . . Crushed . | . . . . Highest Temperature 416 | 36 100 416 262 Average Temperature 83 | 13 41 88 127 Received Heat Transfer 192 | . 30 138 24 Effects 2 | . . 2 . Energy Bleed 1 | . . 1 . Matter Decay 1 | . . 1 . Siege Activations . | . . . . Martial Activations . | . . . . Shielding Activations . | . . . . Robots Disrupted . | . . . . Combat Hostiles . | . . . . Robots Corrupted . | . . . . Combat Hostiles . | . . . . Parts Fried . | . . . . Impact Corruptions . | . . . . Robots Melted . | . . . . Combat Hostiles . | . . . . Parts Melted . | . . . . Heat Transferred 1512 | 50 50 1212 200 Parts Sabotaged . | . . . . Parts Stolen . | . . . . Parts Stripped . | . . . . Power Chain Reactions 2 | 1 1 . . Alert | -11 -10 -10 -10 ------- Run | Yrd Mat Min Sub Maximum Alert Level . | . . . . Low Security (%) 100 | 100 100 100 . Level 1 . | . . . . Level 2 . | . . . . Level 3 . | . . . . Level 4 . | . . . . Level 5 . | . . . . High Security . | . . . . Max Security . | . . . . Peak Influence 59 | 5 59 50 . Initial . | . . . . Average 4 | 1 9 3 . Influence Increases 586 | 25 76 253 232 Destroy 0b10 Robot/C 320 | . 40 120 160 Destroy 0b10 Robot/NC 145 | 25 20 100 . Destroy Leader 52 | . 12 30 10 Allied During Kill 17 | . . . 17 Destroy Structure 7 | . 4 3 . Lose Combat Pursuer 45 | . . . 45 Influence Decreases 586 | 25 76 253 232 Time Decay 541 | 25 76 228 212 Lost Part 25 | . . 25 . Lost Ally 20 | . . . 20 Squads Dispatched 1 | . . 1 . Investigation 1 | . . 1 . Extermination . | . . . . Reinforcement . | . . . . Assault . | . . . . Garrison . | . . . . Intercept . | . . . . Searches Triggered . | . . . . Construction Impeded . | . . . . Haulers Reinforced . | . . . . Active Scanning Responses . | . . . . Cargo Convoy Interrupts . | . . . . Stealth | -11 -10 -10 -10 --------- Run | Yrd Mat Min Sub Distress Signals . | . . . . Communications Jammed . | . . . . Distress Signals . | . . . . Times Spotted 53 | . 4 30 19 Peak Tracking Total 20 | . 2 20 4 Tactical Retreats 3 | . . 2 1 Traps | -11 -10 -10 -10 ------- Run | Yrd Mat Min Sub Traps Triggered 1 | . 1 . . Indirectly . | . . . . Trap Hack Attempts . | . . . . Triggered . | . . . . Disarmed . | . . . . Reprogrammed . | . . . . Reused . | . . . . Traps Extracted . | . . . . Installed . | . . . . Triggered . | . . . . Machines | -11 -10 -10 -10 ---------- Run | Yrd Mat Min Sub Machines Disabled 3 | . . . 3 Max in Single Turn 1 | . . . 1 Machines Repaired . | . . . . Machines Dismantled . | . . . . Machines Sabotaged . | . . . . Overloaded Fab Kills . | . . . . Hacking | -11 -10 -10 -10 --------- Run | Yrd Mat Min Sub Machines Accessed 3 | . . 1 2 Terminals . | . . . . Fabricators . | . . . . Repair Stations . | . . . . Recycling Units . | . . . . Scanalyzers . | . . . . Garrison Access . | . . . . Total Hacks 6 | . . 1 5 Successful 6 | . . 1 5 Failed . | . . . . Catastrophic . | . . . . Database Lockouts . | . . . . Manual . | . . . . Terminals . | . . . . Fabricators . | . . . . Repair Stations . | . . . . Recycling Units . | . . . . Scanalyzers . | . . . . Garrison Access . | . . . . Terminal Hacks 6 | . . 1 5 Record 4 | . . . 4 Open Door 1 | . . 1 . Proto ID Catalog 1 | . . . 1 Fabricator Hacks . | . . . . Repair Station Hacks . | . . . . Recycling Unit Hacks . | . . . . Scanalyzer . | . . . . Garrison Access Hacks . | . . . . Unauthorized Hacks . | . . . . Terminals . | . . . . Fabricators . | . . . . Repair Stations . | . . . . Recycling Units . | . . . . Scanalyzers . | . . . . Garrison Access . | . . . . Data Cores Recovered . | . . . . Used . | . . . . Hacking Detections . | . . . . Full Trace Events . | . . . . Feedback Events . | . . . . Feedback Blocked . | . . . . Robot Schematics Acquired . | . . . . Robots Built . | . . . . Authchips . | . . . . Time . | . . . . Total Robot Build Rating . | . . . . Part Schematics Acquired . | . . . . Parts Built . | . . . . Authchips . | . . . . Time . | . . . . Total Part Build Rating . | . . . . Part Studies Acquired . | . . . . Parts Repaired . | . . . . Time . | . . . . Parts Recycled . | . . . . Recycled Matter . | . . . . Retrieved Matter . | . . . . Retrieved Components . | . . . . Parts Scanalyzed . | . . . . Part Schematics Acquired . | . . . . Parts Damaged . | . . . . Bothacking | -11 -10 -10 -10 ------------ Run | Yrd Mat Min Sub Used RIF Installer . | . . . . Robots Hacked . | . . . . Non-combat . | . . . . Combat . | . . . . Robot Hacks Applied . | . . . . Relay Couplers Released . | . . . . Fabnet Peak Effective % . | . . . . Robots Rewired . | . . . . Allies Hacked . | . . . . Hacks Repelled . | . . . . Allies | -11 -10 -10 -10 -------- Run | Yrd Mat Min Sub Total Allies 20 | . . . 20 Largest Group 15 | . . . 15 Highest-Rated Group 285 | . . . 285 Highest-Rated Ally 19 | . . . 19 Total Orders . | . . . . Ally Attacks 34 | . . . 34 Total Damage 467 | . . . 467 Kills 8 | . . . 8 Allies Corrupted . | . . . . Allies Melted . | . . . . Intel | -11 -10 -10 -10 ------- Run | Yrd Mat Min Sub Active Infowar (turns) 1514 | . 146 1115 253 Structural 1514 | . 146 1115 253 Robot Analysis Total . | . . . . Derelict Logs Recovered 1 | . . . 1 Drone Launches . | . . . . Drone Recoveries . | . . . . Exploration | -11 -10 -10 -10 ------------- Run | Yrd Mat Min Sub Turns Passed 4068 | 139 307 1330 2292 Spaces Moved 2950 | 98 216 913 1723 Core 57 | 39 . 18 . Treads . | . . . . Legs 2102 | . . 379 1723 Wheels 745 | 59 216 470 . Hover . | . . . . Flight 46 | . . 46 . Fastest Speed 50 | 50 100 80 90 Average Speed 116 | 100 100 115 119 Slowest Speed 275 | 150 100 275 123 Overloaded Moves . | . . . . Propulsion Burnouts . | . . . . Robots Hopped . | . . . . Potential Cave-ins . | . . . . Cave-ins Triggered . | . . . . Exploration Rate (%) 59 | 6 49 96 87 Regions Visited 3 Branch Regions 2 Pre-discovered Areas 2 | . . . 2 Known Exits Taken 3 | 1 1 1 . Unknown Exits Taken . | . . . . Scrap Searched 9 | . . . 9 Spaces Dug 5 | . . . 5 Terrain Destroyed 17 | 6 3 3 5 Melee 5 | . . . 5 Projectile 3 | . . 3 . AOE 9 | 6 3 . . Terrain Rammed . | . . . . Walls Destroyed . | . . . . Machines Disabled . | . . . . Actions | -11 -10 -10 -10 --------- Run | Yrd Mat Min Sub Total 3391 | 124 292 1075 1900 Wait 219 | 4 56 37 122 Move 2947 | 97 215 912 1723 Hop . | . . . . Pick Up 35 | 9 7 14 5 Fast Attach 10 | . . 7 3 Attach 15 | 7 3 5 . Detach 4 | . 2 . 2 Swap 14 | . . 10 4 Drop 23 | . 1 13 9 Fire 113 | 7 8 77 21 Melee 11 | . . . 11 Ram . | . . . . Kick . | . . . . Crush . | . . . . Escape Stasis . | . . . . Rewire . | . . . . Trap . | . . . . Miscellaneous . | . . . . Route ------- -11/Scrapyard -10/Materials (discovered 3 exits: *Mat / *Min x2) -10/Mines (discovered 3 exits: *Mat x2 / *Sub) -10/Subcaves (discovered 2 exits: *Mat / *Rec) History --------- Turn | Location | Event 4 | -11/Scrapyard | Identified exit to Materials 4 | -11/Scrapyard | Discovered exit to Materials (range 15) 140 | -11/Scrapyard | Entered Materials 140 | -10/Materials | Evolved 1 slot: Propulsion x1 197 | -10/Materials | Identified exit to Mines 197 | -10/Materials | Discovered exit to Mines (range 15) 322 | -10/Materials | Build established: Hacker-Mutant 381 | -10/Materials | Identified exit to Materials 381 | -10/Materials | Discovered exit to Materials (range 16) 429 | -10/Materials | Discovered exit to Mines (range 12) 447 | -10/Materials | Entered Mines 448 | -10/Mines | Assembled infested the area 484 | -10/Mines | Met a Derelict shopkeep closing up shop 522 | -10/Mines | Core integrity fell below 50% 571 | -10/Mines | Core integrity fell below 20% 587 | -10/Mines | Lost 8 parts (1p3n1u3w) 805 | -10/Mines | Discovered exit to Materials (range 14) 837 | -10/Mines | Discovered exit to Materials (range 8) 865 | -10/Mines | Identified exit to Subcaves 865 | -10/Mines | Discovered exit to Subcaves (range 6) 1051 | -10/Mines | Build established: Scavenger-Mutant 1777 | -10/Mines | Entered Subcaves 2022 | -10/Subcaves | Visited triangular shrine 2030 | -10/Subcaves | Found Prototype Device 2030 | -10/Subcaves | Identified V3-11A's Pendant 2035 | -10/Subcaves | Befriended Subdweller 2175 | -10/Subcaves | Befriended Subdweller 2211 | -10/Subcaves | Learned location of Zion (-7) 2250 | -10/Subcaves | Befriended Subdweller 2255 | -10/Subcaves | Befriended Subdweller 2265 | -10/Subcaves | Befriended Subdweller 2305 | -10/Subcaves | Befriended Subdweller 2305 | -10/Subcaves | Befriended Subdweller 2482 | -10/Subcaves | Identified exit to Recycling 2482 | -10/Subcaves | Discovered exit to Recycling (range 11) 2516 | -10/Subcaves | Build established: Hacker-Mutant 2560 | -10/Subcaves | Befriended Subdweller 2565 | -10/Subcaves | Befriended Subdweller 2701 | -10/Subcaves | Visited Clippyterm 2705 | -10/Subcaves | Learned Factory fabricator intel 2725 | -10/Subcaves | Shifting Twisted Machinery released Piercing Trap 2730 | -10/Subcaves | Shifting Twisted Machinery released Sub. Power Source 2760 | -10/Subcaves | Befriended Subdweller 3068 | -10/Subcaves | Build established: Scavenger-Mutant 3163 | -10/Subcaves | Shifting Twisted Machinery released Sub. Laser 3321 | -10/Subcaves | A Subdweller sparked back to life 3321 | -10/Subcaves | A Subdweller sparked back to life 3321 | -10/Subcaves | A Subdweller sparked back to life 3325 | -10/Subcaves | Befriended Subdweller 3325 | -10/Subcaves | Befriended Subdweller 3347 | -10/Subcaves | Identified exit to Materials 3347 | -10/Subcaves | Discovered exit to Materials (range 13) 3405 | -10/Subcaves | Befriended Subdweller 3420 | -10/Subcaves | Befriended Subdweller 3455 | -10/Subcaves | Befriended Subdweller 3486 | -10/Subcaves | A swath of the cavern ceiling suddenly collapsed 3518 | -10/Subcaves | Shifting Twisted Machinery released Sub. Laser 3525 | -10/Subcaves | Met a Zionite searching for "candidates" 3605 | -10/Subcaves | Befriended Subdweller 3605 | -10/Subcaves | Befriended Subdweller 3739 | -10/Subcaves | Disturbed a concealed Subdweller 3740 | -10/Subcaves | Befriended Subdweller 3857 | -10/Subcaves | Visited 4L-MR0's lab 3873 | -10/Subcaves | Found Arachnoskeleton 3875 | -10/Subcaves | Attached Arachnoskeleton, gained temporary slots: Propulsion x3 3913 | -10/Subcaves | Build established: Hacker-Mutant 3930 | -10/Subcaves | Befriended Subdweller 3930 | -10/Subcaves | Befriended Subdweller 4017 | -10/Subcaves | A swath of the cavern ceiling suddenly collapsed 4069 | -10/Subcaves | Destroyed by Y-45 Defender with Beam Rifle Last Messages --------------- slot. 03881_ 4L-MR0 mumbles: "I'm surprised some of them are even willing to come in here given their fear of my usual visitors." 03885_ Acquired 15 matter. 03895_ Searching scrap... 03895_ Found Mak. Light Armor Plating. 03895_ Found 59 Matter. 03901_ System corrupted: Matter fused (-6). 03923_ System corrupted: Energy discharge (-48). 03930_ LD-KA2(R): "SUBARRIFIC!" 03930_ NE-LHW(R): "UPANDAWAY!" 03966_ Dropped Mak. Sword. 03968_ ZUKDOTIUP=MA YNGVT02POTUH=73KY05V= 04006_ System corrupted: Energy discharge (-48). 04017_ Barrage Gun crushed. A swath of the cavern ceiling suddenly collapses. 04029_ 02S/,ZSUCZK/UOVOLEI5HO FKA G=SSJS9=WKGX 04060_ Acquired 5 matter. Map ----- +----------------------------------------------------+ | ## ##??### # #"## "##??#####????# #???#" | | ### #?????#############????????????# ####### | | ###### #??????????????????????????????# # # ## | | #????# #??????????????????????????????# # | | #???## ##??????????????????????????????# | | ??### #???????????????????????????????# ## # | | ??# #???????????????????????????????# ##### | | #?# ##??????????????????????????????###### | | #### #??????????????????????????????????# | | ##?# #??????????????????????????????????# | | ##?# #??????????????????????????????????# ## | | #??# #??????????????????????????????????# #? | | ???## ##??????????????????????????????????# ## | | ????## #???????????????????????????????????## # | | ?????####????????????????????????????????????# # | | ?????????????????????????###????????????????## # | | ????????????????????????# ######???????????# | | ???????????????????????? ????????????# | | ???????????????????????? ?????????????# # | | ???????????????????????? Y??????????????# # | | ???????????????????????? ??????????????## | | ???????????????????????? ????????????????## | | ????????????????????????# ??????????????????# | | ???????????????????????? #??????????????????## | | ???????????????????????## ##??????????????????# | | ???????????????????????# @ #??????????????????# | | ???????????????????????# #?????????????????## | | ???????????????????????# #????????????????## | | ????????????##?????????# ##????????????????# | | ####?####?##"#?????????## #????????????????## | | #?#""###"#######????#RR ##????????????????## | | #?#""" "#""##""###?## ##????????????????# | | ###?###"##""##""# ### #????????????????# ## | | ####?#"""#"" "#""# #????????????????# #?? | | " #?#"""####"#"" #????????????????##??? | | ######## "# ""#### #????????????????????? | | # ####""#"#"###?# #????????????????????? | | #"##"####?????## #### ##????????????????????? | | ""# #???????#####??####?????????????????????? | | ## #""####???????????????????????????????????????? | | ##### ###????????????????????????????????????????? | | #???# #?????????????????????????????????????????? | | #???# #?????????????????????????????????????????? | | ##??### ?????????????????????????????????????????? | | ##???? ????????????????????????????????????????? | | #????? ???????????????????????????????????????? | | #????? ??????????????????????????????????????? | | ##?????? ?????????????????????????????????????? | | #???????## ????????????????????????????????????? | | #?????????# ???????????????????????????????????? | +----------------------------------------------------+ Best States ------------- Heat Dissipation 25 Energy Generation 18 Energy Capacity 250 Matter Stores 300 Matter Capacity 300 Sight Range 16 Terrain Scan Density 10 Resistance: KI 35 Resistance: TH 35 Resistance: EX 35 Resistance: EM 35 Resistance: I 35 Resistance: S 35 Resistance: P 35 Evasion (%) 57 Targeting Accuracy 10 Offensive Hacking 20 Item Schematics ----------------- None Robot Schematics ------------------ None Fabricated ------------ Nothing Repaired ---------- Nothing Studied --------- None Alien Tech Used ----------------- None Achievements -------------- None Challenges ------------ None Game ------ Seed ServoVisualFrame Manual? 0 Play Time 00:23:14 Cumulative 200.1 hours Start 2025.12.15 @ 17:06:39 End 2025.12.15 @ 17:27:44 Sessions 1 Manual Loads 0 Difficulty Explorer Special Mode None Game No. 302 Rogue 0 Adventurer 0 Explorer 302 Win Type - Total 0 Types 0/0/0/0/0/0/0/0/0/0 Lore% 71 Gallery% 67 Achievement% 53 Wizard Run 0 Options --------- Layout 1 ASCII 0 Keyboard 0 Movement Mouse Keybinds 0 Fullscreen 1 Font 24/Smallcaps Map View 50x35 Zoom Use 0% Tactical HUD 1 Map Filters NONE Filters NONE Steam 1 RUN: 75856f75-846d-4157-b794-b257179c0b63